RedWings vs BlackHawks

Created - April 14 2012 at 11:37

Goals
1 2 3 T
RedWings 4 1 0 5
BlackHawks 0 2 1 3
Shots
1 2 3 T
RedWings 15 9 6 30
BlackHawks 6 12 7 25

Period #1

1. RedWings , Jamie Langenbrunner 1 (Keith Yandle, Nate Thompson) at 5:10
2. RedWings , Brian Campbell 1 (Paul Martin, Curtis Glencross) at 7:09 (PP)
3. RedWings , Keith Yandle 1 (Alexandre Burrows, Joe Thornton) at 9:13 (PP)
4. RedWings , Nate Thompson 1 (Jamie Langenbrunner, Keith Yandle) at 17:22

Penalties :
Zach Parise (CHI) for Roughing (Minor) at 2:11, Alexandre Burrows (DET) for Hooking (Minor) at 2:11, Hal Gill (CHI) for Roughing (Minor) at 5:48, Hal Gill (CHI) for Hooking (Minor) at 9:07, Brian Campbell (DET) for Holding (Minor) at 10:23, Ryan Whitney (DET) for High sticking (Minor) at 13:50, Tyler Kennedy (CHI) for Interference (Minor) at 17:39, Ryan Whitney (DET) for Hooking (Minor) at 17:39

Period #2

5. BlackHawks , Zach Parise 2 (Simon Gagne, P.K. Subban) at 0:28
6. RedWings , Brian Campbell 2 (Paul Martin, Sergei Kostitsyn) at 8:48 (PP)
7. BlackHawks , Daniel Paille 1 (Hal Gill, Mark Eaton) at 17:22

Penalties :
Nik Antropov (DET) for Hooking (Minor) at 1:24, Mathieu Darche (CHI) for Roughing (Minor) at 5:19, P.K. Subban (CHI) for Charging (Minor) at 7:20, Nik Antropov (DET) for Tripping (Minor) at 8:57, Simon Gagne (CHI) for Interference (Minor) at 12:17

Period #3

8. BlackHawks , Brett Clark 1 (Mathieu Darche, Darren Helm) at 19:10

Penalties :
Hal Gill (CHI) for Interference (Minor) at 5:29, Darren Helm (CHI) for Roughing (Minor) at 7:57

Goalie Stats

Roberto Luongo (DET), 22 saves from 25 shots - (0.880), W, 3-0-0, 60:00 minutes
Jose Theodore (CHI), 17 saves from 18 shots - (0.944), 42:38 minutes
Martin Brodeur (CHI), 8 saves from 12 shots - (0.667), L, 0-2-1, 17:22 minutes

Players Stats

RedWings
Player Name              G  A  P  +/- PIM S  H  SB FO    MP 
------------------------------------------------------------
Alexandre Burrows        0  1  1   0  2   2  0  0  0/1   16 
Brian Campbell           2  0  2   2  2   4  2  1  0/0   20 
Curtis Glencross         0  1  1  -2  0   4  3  1  0/0   22 
Eric Brewer              0  0  0  -1  0   3  2  1  0/0   17 
Jamie Langenbrunner      1  1  2   2  0   1  1  1  0/1   8  
Joe Thornton             0  1  1   0  0   2  0  0  14/20 15 
Keith Yandle             1  2  3   2  0   1  1  2  0/0   23 
Kris Draper              0  0  0  -1  0   1  1  0  1/1   13 
Marty Reasoner           0  0  0  -1  0   1  1  0  10/24 16 
Nate Thompson            1  1  2   2  0   1  0  1  7/17  11 
Niclas Bergfors          0  0  0   2  0   0  0  0  0/0   8  
Nik Antropov             0  0  0  -1  4   0  4  0  0/0   13 
Paul Martin              0  2  2  -2  0   1  1  1  0/0   21 
Pavel Kubina             0  0  0  -1  0   1  0  0  0/0   18 
Ray Whitney              0  0  0   0  0   1  0  0  1/1   12 
Ryan Whitney             0  0  0  -2  4   4  2  0  0/0   19 
Sergei Kostitsyn         0  1  1  -2  0   2  0  0  4/6   18 
Travis Zajac             0  0  0  -2  0   1  3  0  15/27 19 
BlackHawks
Player Name              G  A  P  +/- PIM S  H  SB FO    MP 
------------------------------------------------------------
Anton Babchuk            0  0  0   1  0   0  2  1  0/0   18 
Brett Clark              1  0  1   0  0   2  0  1  0/0   21 
Bryan Little             0  0  0   1  0   2  0  0  10/22 14 
Cody McCormick           0  0  0  -1  0   0  0  0  0/0   6  
Daniel Paille            1  0  1   0  0   2  0  0  0/0   12 
Darren Helm              0  1  1   1  2   2  2  1  12/30 21 
Hal Gill                 0  1  1   0  6   0  2  2  0/0   20 
Jamie McGinn             0  0  0   0  0   0  1  0  1/1   16 
Jay McClement            0  0  0  -1  0   2  0  0  3/7   6  
Mark Eaton               0  1  1   0  0   0  2  0  0/0   17 
Mathieu Darche           0  1  1   1  2   1  1  0  2/3   15 
Matt Hendricks           0  0  0  -1  0   3  1  0  1/1   6  
Mattias Ohlund           0  0  0   0  0   1  3  1  0/0   21 
P.K. Subban              0  1  1   1  2   1  1  1  0/0   22 
Samuel Pahlsson          0  0  0   0  0   2  0  0  13/27 17 
Simon Gagne              0  1  1   1  2   1  0  0  2/3   15 
Tyler Kennedy            0  0  0   1  2   3  1  0  2/4   17 
Zach Parise              1  0  1   1  2   3  1  2  0/0   19 

3 Stars

1 - Keith Yandle (DET)
2 - Brian Campbell (DET)
3 - Jamie Langenbrunner (DET)

Power Play

RedWings - 3 on 7 Attempt(s) - 42.86%
BlackHawks - 0 on 4 Attempt(s) - 0.00%

Penalty Kill

RedWings - 4 on 4 Attempt(s) - 100.00% - Score 0 goal in Penalty Kill
BlackHawks - 4 on 7 Attempt(s) - 57.14% - Score 0 goal in Penalty Kill

Game Notes

Jose Theodore enters game at 17:22 of 1st period

Finance

Level 1 -- Attendance: 6500 (100.00%) -- Ticket Income $552,500.00
Level 2 -- Attendance: 4817 (96.34%) -- Ticket Income $264,935.00
Level 3 -- Attendance: 3500 (100.00%) -- Ticket Income $105,000.00
Level 4 -- Attendance: 2903 (64.51%) -- Ticket Income $58,060.00
Luxury Box -- Attendance: 1000 (100.00%) -- Ticket Income $175,000.00
Game was played at the United Center
Total Attendance: 18720 (91.32%)
Total Ticket Income: $1,229,601.00
Other Income: $368,880.23
Total Income: $1,598,481.00


Play by Play

Period #1

0:01 of 1st period - Travis Zajac wins face-off versus Bryan Little in neutral zone.
0:06 of 1st period - Shot by Sergei Kostitsyn.
0:06 of 1st period - Shot Misses the Net.
0:32 of 1st period - Shot by Sergei Kostitsyn.
0:32 of 1st period - Shot Misses the Net.
0:42 of 1st period - Icing by Paul Martin.
0:43 of 1st period - Travis Zajac wins face-off versus Darren Helm in RedWings zone.
1:16 of 1st period - Shot by Darren Helm.
1:16 of 1st period - Stopped by Roberto Luongo without a rebound.
1:17 of 1st period - Samuel Pahlsson wins face-off versus Marty Reasoner in RedWings zone.
1:48 of 1st period - Shot by Nik Antropov.
1:48 of 1st period - Shot Misses the Net.
1:50 of 1st period - Shot by Kris Draper.
1:50 of 1st period - Stopped by Martin Brodeur without a rebound.
1:51 of 1st period - Matt Hendricks wins face-off versus Joe Thornton in BlackHawks zone.
2:01 of 1st period - Icing by Brian Campbell.
2:02 of 1st period - Joe Thornton wins face-off versus Bryan Little in RedWings zone.
2:11 of 1st period - Minor Penalty to Zach Parise for Roughing.
2:11 of 1st period - Minor Penalty to Alexandre Burrows for Hooking.
2:12 of 1st period - Darren Helm wins face-off versus Travis Zajac in neutral zone.
2:12 of 1st period - Tyler Kennedy is hit by Curtis Glencross and loses puck.
2:35 of 1st period - Hal Gill is hit by Curtis Glencross and loses puck.
2:58 of 1st period - Brett Clark is hit by Travis Zajac and loses puck.
3:39 of 1st period - Shot by Joe Thornton.
3:39 of 1st period - Shot Misses the Net.
3:49 of 1st period - Shot by Sergei Kostitsyn.
3:49 of 1st period - Stopped by Martin Brodeur without a rebound.
3:50 of 1st period - Bryan Little wins face-off versus Joe Thornton in BlackHawks zone.
3:59 of 1st period - Shot by P.K. Subban.
3:59 of 1st period - Shot Blocked by Brian Campbell.
4:12 of 1st period - Bryan Little is hit by Eric Brewer and loses puck.
4:18 of 1st period - Off-side.
4:19 of 1st period - Marty Reasoner wins face-off versus Jay McClement in neutral zone.
5:10 of 1st period - Shot by Jamie Langenbrunner.
5:10 of 1st period - Goal by Jamie Langenbrunner - RedWings : 1 - BlackHawks : 0.
5:11 of 1st period - Samuel Pahlsson wins face-off versus Travis Zajac in neutral zone.
5:24 of 1st period - Jamie McGinn is hit by Travis Zajac and loses puck.
5:47 of 1st period - Shot by Curtis Glencross.
5:47 of 1st period - Stopped by Martin Brodeur with a rebound.
5:48 of 1st period - Minor Penalty to Hal Gill for Roughing.
5:49 of 1st period - Joe Thornton wins face-off versus Darren Helm in BlackHawks zone.
5:54 of 1st period - Shot by Ryan Whitney.
5:54 of 1st period - Stopped by Martin Brodeur without a rebound.
5:55 of 1st period - Joe Thornton wins face-off versus Darren Helm in BlackHawks zone.
6:24 of 1st period - Shot by Keith Yandle.
6:24 of 1st period - Shot Blocked by Brett Clark.
6:26 of 1st period - Shot by Ray Whitney.
6:26 of 1st period - Shot Misses the Net.
6:28 of 1st period - Shot by Joe Thornton.
6:28 of 1st period - Stopped by Martin Brodeur with a rebound.
6:41 of 1st period - Icing by Paul Martin.
6:42 of 1st period - Darren Helm wins face-off versus Travis Zajac in RedWings zone.
7:03 of 1st period - Shot by Brian Campbell.
7:03 of 1st period - Shot Misses the Net.
7:05 of 1st period - Shot by Curtis Glencross.
7:05 of 1st period - Shot Misses the Net.
7:07 of 1st period - Shot by Paul Martin.
7:07 of 1st period - Shot Blocked by P.K. Subban.
7:09 of 1st period - Shot by Brian Campbell.
7:09 of 1st period - Goal by Brian Campbell - RedWings : 2 - BlackHawks : 0.
7:10 of 1st period - Darren Helm wins face-off versus Marty Reasoner in neutral zone.
7:10 of 1st period - Tyler Kennedy is hit by Marty Reasoner and loses puck.
7:22 of 1st period - Shot by Tyler Kennedy.
7:22 of 1st period - Stopped by Roberto Luongo without a rebound.
7:23 of 1st period - Nate Thompson wins face-off versus Jay McClement in RedWings zone.
8:10 of 1st period - Shot by Darren Helm.
8:10 of 1st period - Shot Misses the Net.
8:14 of 1st period - Shot by Darren Helm.
8:14 of 1st period - Stopped by Roberto Luongo without a rebound.
8:15 of 1st period - Marty Reasoner wins face-off versus Samuel Pahlsson in RedWings zone.
8:19 of 1st period - Pavel Kubina is hit by Mark Eaton and loses puck.
9:07 of 1st period - Minor Penalty to Hal Gill for Hooking.
9:08 of 1st period - Joe Thornton wins face-off versus Darren Helm in BlackHawks zone.
9:13 of 1st period - Shot by Keith Yandle.
9:13 of 1st period - Goal by Keith Yandle - RedWings : 3 - BlackHawks : 0.
9:14 of 1st period - Travis Zajac wins face-off versus Darren Helm in neutral zone.
9:51 of 1st period - Curtis Glencross is hit by Darren Helm and loses puck.
10:08 of 1st period - Anton Babchuk is hit by Brian Campbell and loses puck.
10:16 of 1st period - Icing by Ray Whitney.
10:17 of 1st period - Joe Thornton wins face-off versus Bryan Little in RedWings zone.
10:23 of 1st period - Minor Penalty to Brian Campbell for Holding.
10:24 of 1st period - Bryan Little wins face-off versus Marty Reasoner in RedWings zone.
13:32 of 1st period - Shot by Marty Reasoner.
13:32 of 1st period - Stopped by Martin Brodeur without a rebound.
13:33 of 1st period - Travis Zajac wins face-off versus Darren Helm in BlackHawks zone.
13:34 of 1st period - Shot by Curtis Glencross.
13:34 of 1st period - Deflect By Travis Zajac.
13:34 of 1st period - Shot Misses the Net.
13:38 of 1st period - Shot by Curtis Glencross.
13:38 of 1st period - Stopped by Martin Brodeur without a rebound.
13:39 of 1st period - Darren Helm wins face-off versus Travis Zajac in BlackHawks zone.
13:39 of 1st period - Tyler Kennedy is hit by Curtis Glencross.
13:50 of 1st period - Minor Penalty to Ryan Whitney for High sticking.
13:51 of 1st period - Bryan Little wins face-off versus Marty Reasoner in RedWings zone.
14:20 of 1st period - Bryan Little is hit by Eric Brewer and loses puck.
14:34 of 1st period - Icing by Hal Gill.
14:35 of 1st period - Darren Helm wins face-off versus Nate Thompson in BlackHawks zone.
14:46 of 1st period - Shot by Hal Gill.
14:46 of 1st period - Deflect By Tyler Kennedy.
14:46 of 1st period - Stopped by Roberto Luongo without a rebound.
14:47 of 1st period - Darren Helm wins face-off versus Alexandre Burrows in RedWings zone.
15:03 of 1st period - Icing by Brett Clark.
15:04 of 1st period - Marty Reasoner wins face-off versus Darren Helm in BlackHawks zone.
16:01 of 1st period - Icing by Jay McClement.
16:02 of 1st period - Jay McClement wins face-off versus Travis Zajac in BlackHawks zone.
16:06 of 1st period - P.K. Subban is hit by Ryan Whitney and loses puck.
16:25 of 1st period - Shot by Jay McClement.
16:25 of 1st period - Stopped by Roberto Luongo without a rebound.
16:26 of 1st period - Marty Reasoner wins face-off versus Samuel Pahlsson in RedWings zone.
16:48 of 1st period - Icing by Kris Draper.
16:49 of 1st period - Marty Reasoner wins face-off versus Bryan Little in RedWings zone.
16:56 of 1st period - Shot by Eric Brewer.
16:56 of 1st period - Stopped by Martin Brodeur without a rebound.
16:57 of 1st period - Bryan Little wins face-off versus Joe Thornton in BlackHawks zone.
17:10 of 1st period - Shot by Zach Parise.
17:10 of 1st period - Stopped by Roberto Luongo without a rebound.
17:11 of 1st period - Nate Thompson wins face-off versus Samuel Pahlsson in RedWings zone.
17:20 of 1st period - Shot by Nate Thompson.
17:20 of 1st period - Shot Misses the Net.
17:22 of 1st period - Shot by Nate Thompson.
17:22 of 1st period - Goal by Nate Thompson - RedWings : 4 - BlackHawks : 0.
17:22 of 1st period - Jose Theodore enters game.
17:23 of 1st period - Mathieu Darche wins face-off versus Travis Zajac in neutral zone.
17:25 of 1st period - Brett Clark is hit by Paul Martin and loses puck.
17:39 of 1st period - Minor Penalty to Tyler Kennedy for Interference.
17:39 of 1st period - Minor Penalty to Ryan Whitney for Hooking.
17:40 of 1st period - Joe Thornton wins face-off versus Bryan Little in RedWings zone.
18:05 of 1st period - Shot by Joe Thornton.
18:05 of 1st period - Stopped by Jose Theodore without a rebound.
18:06 of 1st period - Travis Zajac wins face-off versus Darren Helm in BlackHawks zone.
18:37 of 1st period - Shot by Curtis Glencross.
18:37 of 1st period - Stopped by Jose Theodore without a rebound.
18:38 of 1st period - Joe Thornton wins face-off versus Bryan Little in BlackHawks zone.
18:49 of 1st period - Shot by Sergei Kostitsyn.
18:49 of 1st period - Shot Misses the Net.
18:51 of 1st period - Shot by Pavel Kubina.
18:51 of 1st period - Shot Blocked by Anton Babchuk.
18:55 of 1st period - Shot by Brian Campbell.
18:55 of 1st period - Shot Misses the Net.
18:57 of 1st period - Shot by Brian Campbell.
18:57 of 1st period - Stopped by Jose Theodore without a rebound.
18:58 of 1st period - Travis Zajac wins face-off versus Darren Helm in BlackHawks zone.
19:17 of 1st period - Shot by Zach Parise.
19:17 of 1st period - Shot Misses the Net.
19:21 of 1st period - Shot by Zach Parise.
19:21 of 1st period - Shot Blocked by Keith Yandle.
19:23 of 1st period - Shot by Hal Gill.
19:23 of 1st period - Shot Misses the Net.
19:25 of 1st period - Shot by Hal Gill.
19:25 of 1st period - Shot Blocked by Eric Brewer.
19:27 of 1st period - Shot by Hal Gill.
19:27 of 1st period - Shot Misses the Net.
19:37 of 1st period - Bryan Little is hit by Travis Zajac and loses puck.

Period #2

0:01 of 2nd period - Bryan Little wins face-off versus Travis Zajac in neutral zone.
0:26 of 2nd period - Shot by Zach Parise.
0:26 of 2nd period - Deflect By Simon Gagne.
0:26 of 2nd period - Shot Misses the Net.
0:28 of 2nd period - Shot by Zach Parise.
0:28 of 2nd period - Goal by Zach Parise - RedWings : 4 - BlackHawks : 1.
0:29 of 2nd period - Mathieu Darche wins face-off versus Joe Thornton in neutral zone.
0:33 of 2nd period - Anton Babchuk is hit by Keith Yandle and loses puck.
0:50 of 2nd period - Shot by Ray Whitney.
0:50 of 2nd period - Stopped by Jose Theodore with a rebound.
0:53 of 2nd period - Icing by Mathieu Darche.
0:54 of 2nd period - Darren Helm wins face-off versus Marty Reasoner in BlackHawks zone.
0:54 of 2nd period - Darren Helm is hit by Kris Draper.
1:24 of 2nd period - Minor Penalty to Nik Antropov for Hooking.
1:25 of 2nd period - Nate Thompson wins face-off versus Bryan Little in RedWings zone.
1:31 of 2nd period - Icing by Anton Babchuk.
1:32 of 2nd period - Bryan Little wins face-off versus Marty Reasoner in BlackHawks zone.
3:02 of 2nd period - Icing by Bryan Little.
3:03 of 2nd period - Nate Thompson wins face-off versus Bryan Little in BlackHawks zone.
3:34 of 2nd period - Shot by Daniel Paille.
3:34 of 2nd period - Stopped by Roberto Luongo without a rebound.
3:35 of 2nd period - Jay McClement wins face-off versus Nate Thompson in RedWings zone.
4:03 of 2nd period - Shot by Cody McCormick.
4:03 of 2nd period - Shot Misses the Net.
4:05 of 2nd period - Shot by Cody McCormick.
4:05 of 2nd period - Shot Blocked by Nate Thompson.
4:30 of 2nd period - Icing by Pavel Kubina.
4:31 of 2nd period - Darren Helm wins face-off versus Marty Reasoner in RedWings zone.
5:19 of 2nd period - Minor Penalty to Mathieu Darche for Roughing.
5:20 of 2nd period - Travis Zajac wins face-off versus Samuel Pahlsson in BlackHawks zone.
5:25 of 2nd period - Shot by Curtis Glencross.
5:25 of 2nd period - Shot Misses the Net.
5:29 of 2nd period - Shot by Sergei Kostitsyn.
5:29 of 2nd period - Shot Blocked by Mattias Ohlund.
5:33 of 2nd period - Shot by Travis Zajac.
5:33 of 2nd period - Stopped by Jose Theodore without a rebound.
5:34 of 2nd period - Simon Gagne wins face-off versus Joe Thornton in BlackHawks zone.
5:57 of 2nd period - Shot by Ryan Whitney.
5:57 of 2nd period - Stopped by Jose Theodore without a rebound.
5:58 of 2nd period - Samuel Pahlsson wins face-off versus Travis Zajac in BlackHawks zone.
6:25 of 2nd period - Shot by Paul Martin.
6:25 of 2nd period - Shot Misses the Net.
6:27 of 2nd period - Shot by Brian Campbell.
6:27 of 2nd period - Deflect By Sergei Kostitsyn.
6:27 of 2nd period - Shot Blocked by Zach Parise.
6:29 of 2nd period - Shot by Travis Zajac.
6:29 of 2nd period - Shot Blocked by Zach Parise.
7:17 of 2nd period - Shot by Alexandre Burrows.
7:17 of 2nd period - Stopped by Jose Theodore with a rebound.
7:20 of 2nd period - Minor Penalty to P.K. Subban for Charging.
7:21 of 2nd period - Joe Thornton wins face-off versus Samuel Pahlsson in BlackHawks zone.
7:42 of 2nd period - Shot by Ryan Whitney.
7:42 of 2nd period - Stopped by Jose Theodore without a rebound.
7:43 of 2nd period - Travis Zajac wins face-off versus Darren Helm in BlackHawks zone.
7:46 of 2nd period - Shot by Sergei Kostitsyn.
7:46 of 2nd period - Stopped by Jose Theodore without a rebound.
7:47 of 2nd period - Ray Whitney wins face-off versus Darren Helm in BlackHawks zone.
8:10 of 2nd period - Shot by Keith Yandle.
8:10 of 2nd period - Shot Hit the Post.
8:14 of 2nd period - Shot by Joe Thornton.
8:14 of 2nd period - Deflect By Alexandre Burrows.
8:14 of 2nd period - Shot Misses the Net.
8:48 of 2nd period - Shot by Brian Campbell.
8:48 of 2nd period - Goal by Brian Campbell - RedWings : 5 - BlackHawks : 1.
8:49 of 2nd period - Marty Reasoner wins face-off versus Samuel Pahlsson in neutral zone.
8:57 of 2nd period - Minor Penalty to Nik Antropov for Tripping.
8:58 of 2nd period - Nate Thompson wins face-off versus Bryan Little in RedWings zone.
9:36 of 2nd period - Shot by P.K. Subban.
9:36 of 2nd period - Stopped by Roberto Luongo without a rebound.
9:37 of 2nd period - Samuel Pahlsson wins face-off versus Nate Thompson in RedWings zone.
9:38 of 2nd period - Shot by Brett Clark.
9:38 of 2nd period - Stopped by Roberto Luongo without a rebound.
9:39 of 2nd period - Samuel Pahlsson wins face-off versus Nate Thompson in RedWings zone.
9:50 of 2nd period - Shot by Samuel Pahlsson.
9:50 of 2nd period - Stopped by Roberto Luongo with a rebound.
9:52 of 2nd period - Shot by Hal Gill.
9:52 of 2nd period - Shot Blocked by Paul Martin.
9:54 of 2nd period - Shot by Tyler Kennedy.
9:54 of 2nd period - Deflect By Samuel Pahlsson.
9:54 of 2nd period - Stopped by Roberto Luongo without a rebound.
9:55 of 2nd period - Simon Gagne wins face-off versus Marty Reasoner in RedWings zone.
10:04 of 2nd period - Shot by Anton Babchuk.
10:04 of 2nd period - Shot Misses the Net.
10:08 of 2nd period - Shot by Zach Parise.
10:08 of 2nd period - Shot Misses the Net.
10:10 of 2nd period - Shot by Zach Parise.
10:10 of 2nd period - Shot Blocked by Keith Yandle.
10:14 of 2nd period - Shot by Bryan Little.
10:14 of 2nd period - Stopped by Roberto Luongo without a rebound.
10:15 of 2nd period - Darren Helm wins face-off versus Nate Thompson in RedWings zone.
10:23 of 2nd period - Icing by Mathieu Darche.
10:24 of 2nd period - Tyler Kennedy wins face-off versus Nate Thompson in BlackHawks zone.
11:49 of 2nd period - Icing by Hal Gill.
11:50 of 2nd period - Samuel Pahlsson wins face-off versus Jamie Langenbrunner in BlackHawks zone.
11:52 of 2nd period - Icing by Mark Eaton.
11:53 of 2nd period - Nate Thompson wins face-off versus Samuel Pahlsson in BlackHawks zone.
12:17 of 2nd period - Minor Penalty to Simon Gagne for Interference.
12:18 of 2nd period - Joe Thornton wins face-off versus Darren Helm in BlackHawks zone.
12:47 of 2nd period - Shot by Ryan Whitney.
12:47 of 2nd period - Stopped by Jose Theodore without a rebound.
12:48 of 2nd period - Travis Zajac wins face-off versus Tyler Kennedy in BlackHawks zone.
12:48 of 2nd period - Travis Zajac is hit by Mattias Ohlund.
12:50 of 2nd period - Shot by Brian Campbell.
12:50 of 2nd period - Stopped by Jose Theodore without a rebound.
12:51 of 2nd period - Sergei Kostitsyn wins face-off versus Tyler Kennedy in BlackHawks zone.
13:01 of 2nd period - Icing by Sergei Kostitsyn.
13:02 of 2nd period - Samuel Pahlsson wins face-off versus Travis Zajac in RedWings zone.
14:17 of 2nd period - Darren Helm is hit by Nik Antropov and loses puck.
14:38 of 2nd period - Shot by Matt Hendricks.
14:38 of 2nd period - Stopped by Roberto Luongo without a rebound.
14:39 of 2nd period - Nate Thompson wins face-off versus Darren Helm in RedWings zone.
14:46 of 2nd period - Mathieu Darche is hit by Jamie Langenbrunner and loses puck.
14:56 of 2nd period - Tyler Kennedy is hit by Brian Campbell and loses puck.
15:16 of 2nd period - Icing by Ryan Whitney.
15:17 of 2nd period - Jay McClement wins face-off versus Nate Thompson in RedWings zone.
15:30 of 2nd period - Shot by Matt Hendricks.
15:30 of 2nd period - Stopped by Roberto Luongo without a rebound.
15:31 of 2nd period - Jamie McGinn wins face-off versus Marty Reasoner in RedWings zone.
16:00 of 2nd period - Icing by Eric Brewer.
16:01 of 2nd period - Marty Reasoner wins face-off versus Bryan Little in RedWings zone.
16:19 of 2nd period - Shot by Bryan Little.
16:19 of 2nd period - Stopped by Roberto Luongo with a rebound.
16:21 of 2nd period - Shot by Mattias Ohlund.
16:21 of 2nd period - Shot Misses the Net.
16:23 of 2nd period - Shot by Mattias Ohlund.
16:23 of 2nd period - Stopped by Roberto Luongo without a rebound.
16:24 of 2nd period - Sergei Kostitsyn wins face-off versus Darren Helm in RedWings zone.
16:24 of 2nd period - Sergei Kostitsyn is hit by Mathieu Darche.
16:35 of 2nd period - Shot by Curtis Glencross.
16:35 of 2nd period - Shot Misses the Net.
17:12 of 2nd period - Icing by Ryan Whitney.
17:13 of 2nd period - Samuel Pahlsson wins face-off versus Sergei Kostitsyn in RedWings zone.
17:22 of 2nd period - Shot by Daniel Paille.
17:22 of 2nd period - Goal by Daniel Paille - RedWings : 5 - BlackHawks : 2.
17:23 of 2nd period - Joe Thornton wins face-off versus Bryan Little in neutral zone.
17:32 of 2nd period - Alexandre Burrows is hit by Zach Parise and loses puck.
18:13 of 2nd period - Icing by Mattias Ohlund.
18:14 of 2nd period - Bryan Little wins face-off versus Marty Reasoner in BlackHawks zone.
18:14 of 2nd period - Bryan Little is hit by Nik Antropov.
18:27 of 2nd period - Off-side.
18:28 of 2nd period - Samuel Pahlsson wins face-off versus Marty Reasoner in neutral zone.
18:31 of 2nd period - Marty Reasoner is hit by Jamie McGinn and loses puck.
19:09 of 2nd period - Icing by Pavel Kubina.
19:10 of 2nd period - Kris Draper wins face-off versus Darren Helm in RedWings zone.
19:51 of 2nd period - Brian Campbell is hit by Tyler Kennedy and loses puck.

Period #3

0:01 of 3rd period - Bryan Little wins face-off versus Sergei Kostitsyn in neutral zone.
0:12 of 3rd period - Shot by Zach Parise.
0:12 of 3rd period - Stopped by Roberto Luongo with a rebound.
0:49 of 3rd period - Icing by Ryan Whitney.
0:50 of 3rd period - Travis Zajac wins face-off versus Darren Helm in RedWings zone.
1:21 of 3rd period - Shot by Tyler Kennedy.
1:21 of 3rd period - Stopped by Roberto Luongo with a rebound.
1:23 of 3rd period - Shot by Tyler Kennedy.
1:23 of 3rd period - Deflect By Darren Helm.
1:23 of 3rd period - Shot Misses the Net.
1:25 of 3rd period - Shot by Brett Clark.
1:25 of 3rd period - Shot Blocked by Curtis Glencross.
1:59 of 3rd period - Shot by Daniel Paille.
1:59 of 3rd period - Shot Misses the Net.
2:40 of 3rd period - Keith Yandle is hit by Mattias Ohlund and loses puck.
4:09 of 3rd period - Keith Yandle is hit by Matt Hendricks and loses puck.
4:20 of 3rd period - Shot by Matt Hendricks.
4:20 of 3rd period - Shot Misses the Net.
4:24 of 3rd period - Shot by Cody McCormick.
4:24 of 3rd period - Shot Misses the Net.
4:26 of 3rd period - Shot by Mattias Ohlund.
4:26 of 3rd period - Shot Misses the Net.
4:28 of 3rd period - Shot by Matt Hendricks.
4:28 of 3rd period - Stopped by Roberto Luongo without a rebound.
4:29 of 3rd period - Samuel Pahlsson wins face-off versus Marty Reasoner in RedWings zone.
4:40 of 3rd period - Daniel Paille is hit by Nik Antropov and loses puck.
5:29 of 3rd period - Minor Penalty to Hal Gill for Interference.
5:30 of 3rd period - Darren Helm wins face-off versus Marty Reasoner in BlackHawks zone.
5:41 of 3rd period - Shot by Curtis Glencross.
5:41 of 3rd period - Shot Blocked by Darren Helm.
5:43 of 3rd period - Shot by Eric Brewer.
5:43 of 3rd period - Stopped by Jose Theodore without a rebound.
5:44 of 3rd period - Travis Zajac wins face-off versus Darren Helm in BlackHawks zone.
6:37 of 3rd period - Shot by Curtis Glencross.
6:37 of 3rd period - Stopped by Jose Theodore with a rebound.
6:39 of 3rd period - Shot by Eric Brewer.
6:39 of 3rd period - Stopped by Jose Theodore without a rebound.
6:40 of 3rd period - Marty Reasoner wins face-off versus Samuel Pahlsson in BlackHawks zone.
6:51 of 3rd period - Shot by Pavel Kubina.
6:51 of 3rd period - Stopped by Jose Theodore without a rebound.
6:52 of 3rd period - Samuel Pahlsson wins face-off versus Joe Thornton in BlackHawks zone.
7:31 of 3rd period - Ryan Whitney is hit by Darren Helm.
7:36 of 3rd period - Niclas Bergfors is hit by Anton Babchuk and loses puck.
7:57 of 3rd period - Minor Penalty to Darren Helm for Roughing.
7:58 of 3rd period - Samuel Pahlsson wins face-off versus Travis Zajac in BlackHawks zone.
8:12 of 3rd period - Alexandre Burrows is hit by Mattias Ohlund and loses puck.
8:49 of 3rd period - Icing by Keith Yandle.
8:50 of 3rd period - Joe Thornton wins face-off versus Simon Gagne in RedWings zone.
8:55 of 3rd period - Mark Eaton is hit by Nik Antropov and loses puck.
9:25 of 3rd period - Icing by Kris Draper.
9:26 of 3rd period - Travis Zajac wins face-off versus Samuel Pahlsson in RedWings zone.
10:08 of 3rd period - Shot by Jay McClement.
10:08 of 3rd period - Shot Misses the Net.
10:19 of 3rd period - Off-side.
10:20 of 3rd period - Tyler Kennedy wins face-off versus Nate Thompson in neutral zone.
10:33 of 3rd period - Shot by Darren Helm.
10:33 of 3rd period - Deflect By Tyler Kennedy.
10:33 of 3rd period - Shot Blocked by Jamie Langenbrunner.
10:35 of 3rd period - Shot by Tyler Kennedy.
10:35 of 3rd period - Deflect By Mathieu Darche.
10:35 of 3rd period - Stopped by Roberto Luongo without a rebound.
10:36 of 3rd period - Joe Thornton wins face-off versus Jay McClement in RedWings zone.
10:47 of 3rd period - Off-side.
10:48 of 3rd period - Marty Reasoner wins face-off versus Samuel Pahlsson in neutral zone.
10:50 of 3rd period - Eric Brewer is hit by Hal Gill and loses puck.
11:05 of 3rd period - Pavel Kubina is hit by Mark Eaton and loses puck.
11:49 of 3rd period - Shot by Bryan Little.
11:49 of 3rd period - Deflect By Zach Parise.
11:49 of 3rd period - Shot Misses the Net.
12:26 of 3rd period - Icing by Ryan Whitney.
12:27 of 3rd period - Sergei Kostitsyn wins face-off versus Darren Helm in RedWings zone.
12:52 of 3rd period - Joe Thornton is hit by Anton Babchuk and loses puck.
13:24 of 3rd period - Icing by Brian Campbell.
13:25 of 3rd period - Joe Thornton wins face-off versus Jay McClement in RedWings zone.
13:53 of 3rd period - Shot by Jay McClement.
13:53 of 3rd period - Stopped by Roberto Luongo without a rebound.
13:54 of 3rd period - Samuel Pahlsson wins face-off versus Nate Thompson in RedWings zone.
14:47 of 3rd period - Icing by Mark Eaton.
14:48 of 3rd period - Travis Zajac wins face-off versus Samuel Pahlsson in BlackHawks zone.
15:13 of 3rd period - Shot by Darren Helm.
15:13 of 3rd period - Shot Misses the Net.
15:25 of 3rd period - Shot by Darren Helm.
15:25 of 3rd period - Shot Misses the Net.
16:17 of 3rd period - Icing by Brett Clark.
16:18 of 3rd period - Joe Thornton wins face-off versus Mathieu Darche in BlackHawks zone.
16:23 of 3rd period - Shot by Alexandre Burrows.
16:23 of 3rd period - Stopped by Jose Theodore without a rebound.
16:24 of 3rd period - Bryan Little wins face-off versus Nate Thompson in BlackHawks zone.
16:40 of 3rd period - Niclas Bergfors is hit by P.K. Subban and loses puck.
17:16 of 3rd period - Shot by Ryan Whitney.
17:16 of 3rd period - Shot Misses the Net.
17:18 of 3rd period - Shot by Paul Martin.
17:18 of 3rd period - Stopped by Jose Theodore without a rebound.
17:19 of 3rd period - Marty Reasoner wins face-off versus Samuel Pahlsson in BlackHawks zone.
17:28 of 3rd period - Shot by Nik Antropov.
17:28 of 3rd period - Shot Misses the Net.
17:38 of 3rd period - Shot by Eric Brewer.
17:38 of 3rd period - Shot Blocked by Hal Gill.
17:41 of 3rd period - Icing by Daniel Paille.
17:42 of 3rd period - Sergei Kostitsyn wins face-off versus Samuel Pahlsson in BlackHawks zone.
17:47 of 3rd period - Icing by Daniel Paille.
17:48 of 3rd period - Travis Zajac wins face-off versus Samuel Pahlsson in BlackHawks zone.
17:48 of 3rd period - Travis Zajac is hit by Hal Gill.
18:06 of 3rd period - Shot by Ryan Whitney.
18:06 of 3rd period - Shot Misses the Net.
18:08 of 3rd period - Shot by Travis Zajac.
18:08 of 3rd period - Shot Blocked by Hal Gill.
18:35 of 3rd period - Icing by Ryan Whitney.
18:36 of 3rd period - Darren Helm wins face-off versus Travis Zajac in RedWings zone.
18:40 of 3rd period - Icing by Paul Martin.
18:41 of 3rd period - Bryan Little wins face-off versus Travis Zajac in RedWings zone.
18:41 of 3rd period - Bryan Little is hit by Ryan Whitney.
19:04 of 3rd period - Shot by Simon Gagne.
19:04 of 3rd period - Stopped by Roberto Luongo without a rebound.
19:05 of 3rd period - Darren Helm wins face-off versus Marty Reasoner in RedWings zone.
19:10 of 3rd period - Shot by Brett Clark.
19:10 of 3rd period - Goal by Brett Clark - RedWings : 5 - BlackHawks : 3.
19:11 of 3rd period - Travis Zajac wins face-off versus Bryan Little in neutral zone.


Output by the SimonT Hockey Simulator (STHS) for Stephane Roy -- Original Page W3C XHTML 1.0 Valid